 Dungeon Crawl Stone Soup version 0.30-a0-793-g160f7cfddd (webtiles) character file.

Game seed: 14817797366549736084

156 cheesebisquit the Chiller (level 5, -1/35 HPs)
             Began as a Merfolk Ice Elementalist on Feb 19, 2023.
             Slain by an ufetubus (3 damage)
             ... on level 4 of the Dungeon.
             The game lasted 00:07:46 (1906 turns).

cheesebisquit the Chiller (MfIE)                    Turns: 1906, Time: 00:07:47

Health: -1/35      AC:  7    Str:  8    XL:     5   Next: 37%
Magic:  6/10       EV: 12    Int: 17    God:
Gold:   90         SH:  0    Dex: 14    Spells: 4/11 levels left

rFire   . . .      SeeInvis .    o - +0 spear
rCold   . . .      Faith    .    (no shield)
rNeg    . . .      Spirit   .    a - +0 robe
rPois   .          Reflect  .    (no helmet)
rElec   .          Harm     .    (no cloak)
rCorr   .          Rampage  .    g - +0 pair of gloves
Will    .....                    (no boots)
Stlth   ++                       (no amulet)
HPRegen 0.25/turn                e - +4 ring of protection
MPRegen 0.12/turn                (no ring)

@: very slightly contaminated
A: (nimble swimmer 2), mertail
a: no special abilities


You were on level 4 of the Dungeon.
You visited 1 branch of the dungeon, and saw 3 of its levels.

You collected 90 gold pieces.

Inventory:

Hand Weapons
 l - a +0 whip
 o - a +0 spear (weapon)
Missiles
 f - 6 javelins
Armour
 a - a +0 robe (worn)
 g - a +0 pair of gloves (worn)
Jewellery
 e - a +4 ring of protection (left hand)
Scrolls
 c - 2 scrolls of teleportation {unknown}
 h - a scroll of magic mapping {unknown}
 i - 2 scrolls of identify {unknown}
 j - a scroll of fog {unknown}
 m - a scroll of blinking {unknown}
 p - a scroll of enchant armour {unknown}
 q - a scroll of noise {unknown}
Potions
 d - a potion of heal wounds {unknown}
 k - a potion of might {unknown}
 n - 4 potions of curing {unknown}


   Skills:
 - Level 2.6 Dodging
 - Level 2.1 Stealth
 + Level 3.8 Spellcasting
 + Level 5.9 Ice Magic


You had 4 spell levels left.
You knew the following spells:

 Your Spells              Type           Power      Damage    Failure   Level
a - Freeze                Ice            92%        1d9       1%          1
b - Frozen Ramparts       Ice            46%        1d7       4%          3
c - Ozocubu's Armour      Ice            23%        N/A       4%          3

Your spell library contained the following spells:

 Spells                   Type           Power      Damage    Failure   Level
 Hailstorm                Conj/Ice       13%        3d5       14%         3
 Summon Ice Beast         Ice/Summ       13%        N/A       43%         4


Dungeon Overview and Level Annotations

Branches:
Dungeon (2/15)

Altars:

Shops:
D:1 =


Innate Abilities, Weirdness & Mutations

((You are very nimble when in or above water. (Stealth+, EV+, Speed+++)))
Your lower body shifts to a powerful aquatic tail in water.


Message History

Aiming: Freeze (safe; 1% risk of failure)
Press: ? - help, Q - select action, (/) - cycle Shift-Dir - straight line, f/p - gnoll
Aim: a gnoll, wielding a +0 halberd (heavily wounded)
You freeze the gnoll.
The gnoll is almost dead.
The ufetubus shouts!
The gnoll barely misses you.
Aiming: Freeze (safe; 1% risk of failure)
Press: ? - help, Q - select action, (/) - cycle Shift-Dir - straight line, f/p - gnoll
Aim: a gnoll, wielding a +0 halberd (almost dead)
You freeze the gnoll.
You kill the gnoll!
Things that are here:
a +0 halberd; a scroll labelled YFUEGE GAHUQYOHEWK; a gnoll corpse
Aiming: Freeze (safe; 1% risk of failure)
Press: ? - help, Q - select action, (/) - cycle Shift-Dir - straight line, f - ufetubus
Aim: an ufetubus You miscast Freeze.
You are very lightly contaminated with residual magic.
Nothing appears to happen.
The ufetubus hits you.
* * * LOW HITPOINT WARNING * * *
The ufetubus hits you.
* * * LOW HITPOINT WARNING * * *
Aiming: Freeze (safe; 1% risk of failure)
Press: ? - help, Q - select action, (/) - cycle Shift-Dir - straight line, f/p - ufetubus
Aim: an ufetubus You freeze the ufetubus.
The ufetubus resists.
The ufetubus is lightly wounded.
The ufetubus hits you.
* * * LOW HITPOINT WARNING * * *
The ufetubus hits you but does no damage.
The ufetubus closely misses you. The ufetubus barely misses you.
Aiming: Freeze (safe; 1% risk of failure)
Press: ? - help, Q - select action, (/) - cycle Shift-Dir - straight line, f/p - ufetubus
Aim: an ufetubus (lightly wounded)
You freeze the ufetubus.
The ufetubus resists.
The ufetubus is severely wounded.
The ufetubus hits you.
You die...

##g#####...####.# ........
#..# #8...8# #.##.##.##>.
#g## ##...## #.##.##g##..
###.# #..)# #.##.##.##..
#...# ##...## #..#...)#)..
#.### #8$..8# ##.###..).##
#.### ####[..#### ####...###
#.#8###8##...##8###8##......
#..).......@5..).....).....#
#..)).................#.#...
#...........................
###8###8##...##8###8##...###
### ####...########....#
#8...8#........###
##...##........#
#...##........#
##.hS##........#


You could see an ufetubus.

Vanquished Creatures
  A hound (D:4)
  A gnoll bouda (D:4)
  4 gnolls (D:4)
  2 adders
  A worm (D:2)
  2 orcs (D:4)
  An endoplasm (D:2)
  9 giant cockroaches (D:2)
  4 goblins
  A hobgoblin (D:1)
  6 ball pythons
  3 bats (D:1)
  A kobold (D:4)
  4 rats (D:1)
40 creatures vanquished.

Notes
Turn   | Place    | Note
-------+----------+-------------------------------------------
     0 | D:1      | cheesebisquit the Merfolk Ice Elementalist began the quest
                  | for the Orb.
     0 | D:1      | Reached XP level 1. HP: 13/13 MP: 3/3
   268 | D:1      | Found Sogiwk's Jewellery Shop.
   353 | D:1      | Reached XP level 2. HP: 19/19 MP: 3/5
  1367 | D:2      | Reached skill level 5 in Ice Magic
  1367 | D:2      | Reached XP level 3. HP: 24/24 MP: 4/7
  1371 | D:2      | Learned a level 3 spell: Frozen Ramparts
  1375 | D:2      | Learned a level 3 spell: Ozocubu's Armour
  1614 | D:2      | You fall into a shaft and drop 2 floors!
  1676 | D:4      | Reached XP level 4. HP: 30/30 MP: 1/8
  1878 | D:4      | Reached XP level 5. HP: 24/35 MP: 2/10
  1905 | D:4      | HP: 1/35 [ufetubus (4)]
  1906 | D:4      | Slain by an ufetubus

Illustrated notes

Levels and vault maps discovered:
D:1:      minmay_arrival_arboretum_small, layout_loops_ring, serial_shops,
          nicolae_shop_advertising_works [nicolae_subvault_shop_adworks]
D:2:      minmay_roachtagon, layout_basic, shapermc_ecumenical_altar_notcrosses
D:4:      layout_rooms, serial_corexii_hall, corexii_hall_statues_x,
          chequers_hall_statues_wall_a, uniq_grinder, uniq_blork_the_orc

Skill      XL: |  1  2  3 |
---------------+----------+-----
Ice Magic      | 5 |  5.9
Spellcasting   | 3 |  3.8
Dodging        | |  2.6
Stealth        | |  2.1

Action                     |  1- 3 |  4- 6 || total
---------------------------+-------+-------++-------
  Melee: Whip              |     5 |       ||     5
         Spear             |    15 |     5 ||    20
   Cast: Freeze            |    53 |    22 ||    75
    Use: Potion            |       |     1 ||     1
 Armour: Robe              |    17 |     5 ||    22
  Dodge: Dodged            |    41 |    19 ||    60

Table legend: (Time is in decaauts)
 A = Elapsed time spent in this place.
 B = Non-inter-level travel time spent in this place.
 C = Inter-level travel time spent in this place.
 D = Time resting spent in this place.
 E = Time spent auto-exploring this place.
 F = Levels seen in this place.
 G = Mean time per level.
                   A        B        C        D        E       F      G
               +--------+--------+--------+--------+--------+-----+--------+
         Total |   1906 |   1880 |     26 |     63 |   1421 |   3 |  635.3 |
       Dungeon |   1906 |   1880 |     26 |     63 |   1421 |   3 |  635.3 |
               +--------+--------+--------+--------+--------+-----+--------+

Top non-repeatable levels by time:
     D:1: 933 daAuts
     D:2: 681 daAuts
     D:4: 292 daAuts
